 Dungeon Crawl Stone Soup version 0.30-a0-43-gbbf338a72c (webtiles) character file.

Game seed: 12967559251594562930

6140 CannotBeFrozen the Carver (level 10, -4/93 HPs)
             Began as a Demigod Gladiator on Sept 1, 2022.
             Killed from afar by Lodul (25 damage)
             ... with a bolt of lightning
             ... on level 10 of the Dungeon.
             The game lasted 00:31:47 (15344 turns).

CannotBeFrozen the Carver (Demigod Gladiator)      Turns: 15344, Time: 00:31:48

Health: -4/93      AC: 14    Str: 19    XL:     10   Next: 33%
Magic:  0/13       EV: 13    Int: 10    God:
Gold:   259        SH:  0    Dex: 23    Spells: 9/9 levels left

rFire   + . .      SeeInvis .    a - +0 scimitar
rCold   . . .      Faith    .    u - orb {light}
rNeg    . . .      Spirit   +    D - +2 leather armour {rPois}
rPois   +          Reflect  .    c - +0 helmet
rElec   .          Harm     .    H - +0 cloak
rCorr   .          Rampage  .    l - +2 pair of gloves
Will    +....                    (no boots)
Stlth   +.........               K - amulet of guardian spirit
HPRegen 0.25/turn                x - ring of protection from fire
MPRegen 0.13/turn                J - +4 ring of protection

@: glowing
A: high MP 1, forlorn, divine attributes
a: no special abilities


You were on level 10 of the Dungeon.
You visited 1 branch of the dungeon, and saw 10 of its levels.

You collected 619 gold pieces.
You spent 360 gold pieces at shops.

Inventory:

Hand Weapons
 a - a +0 scimitar (weapon)
 b - a +0 great sword
 B - a +2 war axe of flaming
Missiles
 j - 52 stones
 t - 31 poisoned darts (quivered)
 y - 7 boomerangs
Armour
 c - a +0 helmet (worn)
 l - a +2 pair of gloves (worn)
 u - an orb of light (worn)
 D - a +2 leather armour of poison resistance (worn)
 H - a +0 cloak (worn)
Jewellery
 k - a ring of protection from fire
 x - a ring of protection from fire (left hand)
 J - a +4 ring of protection (right hand)
 K - an amulet of guardian spirit (around neck)
 L - a ring of flight
Wands
 n - a wand of flame (11)
 M - a wand of digging (4)
Scrolls
 d - a scroll of poison {unknown}
 h - 3 scrolls of blinking
 m - a scroll of noise {unknown}
 q - a scroll of acquirement {unknown}
 v - 3 scrolls of teleportation {@r2}
 w - 2 scrolls of fear {unknown}
 z - 3 scrolls of immolation
 A - 4 scrolls of vulnerability {unknown}
 C - 3 scrolls of magic mapping {unknown}
 E - 3 scrolls of amnesia {unknown}
 F - 2 scrolls of butterflies {unknown}
 G - 2 scrolls of silence {unknown}
Potions
 e - a potion of might {unknown}
 f - 3 potions of heal wounds {@q2}
 g - 3 potions of brilliance
 i - 7 potions of curing {@q1}
 o - 2 potions of flight
 p - 2 potions of invisibility
 r - a potion of attraction
 s - a potion of mutation
 I - a potion of lignification {unknown}


   Skills:
 - Level 10.0 Fighting
 + Level 11.1 Long Blades
 - Level 2.0 Throwing
 - Level 2.0 Armour
 - Level 3.0 Dodging


You had 9 spell levels left.
You didn't know any spells.
Your spell library contained the following spells:

 Spells                   Type           Power      Damage    Failure   Level
 Beastly Appendage        Tmut           0%         N/A       41%         1
 Blink                    Tloc           0%         N/A       56%         2
 Wereblood                Tmut           0%         N/A       56%         2
 Lesser Beckoning         Tloc           0%         N/A       80%         3
 Spider Form              Tmut/Pois      0%         N/A       80%         3
 Manifold Assault         Tloc           0%         N/A       100%        5


Dungeon Overview and Level Annotations

Branches:
Dungeon (10/15)
 Temple: D:4-7         Lair: D:8-11         Orc: D:9-12

Shops:
D:2 ?   D:4 (*?=(   D:9 :

Annotations:
D:10 5 exclusions, Lodul


Innate Abilities, Weirdness & Mutations

You have an increased reservoir of magic. (+10% MP)
You shall have no god before yourself.
Your divine heritage dramatically boosts your attributes as you level up.


Message History

Electricity crackles from Lodul's apparatus.
The bolt of lightning hits you!
HP: 63/93 (-15) MP: 9/13 (-2) ========---- !
Throw: 34 darts (poison)
Press: ? - help, Q - select action, (/) - cycle Shift-Dir - straight line, f/p - Lodul
Aim: Lodul, wielding a +5 dire flail of holy wrath and carrying a wand of charming (7) (poisoned, 77% to hit)
You throw a poisoned dart. The poisoned dart hits Lodul.
Lodul looks even sicker.
Throw: 33 darts (poison)
Press: ? - help, Q - select action, (/) - cycle Shift-Dir - straight line, f/p - Lodul
Aim: Lodul, wielding a +5 dire flail of holy wrath and carrying a wand of charming (7) (lightly wounded, very poisoned, 77% to hit)
You throw a poisoned dart. The poisoned dart barely misses Lodul.
Electricity crackles from Lodul's apparatus.
The bolt of lightning hits you!
HP: 53/93 (-11) MP: 8/13 (-1) ======------ !
Throw: 32 darts (poison)
Press: ? - help, Q - select action, (/) - cycle Shift-Dir - straight line, f/p - Lodul
Aim: Lodul, wielding a +5 dire flail of holy wrath and carrying a wand of charming (7) (lightly wounded, very poisoned, 77% to hit)
You throw a poisoned dart. The poisoned dart hits Lodul.
Lodul looks even sicker.
Lodul is lightly wounded.
Electricity crackles from Lodul's apparatus.
The bolt of lightning hits you!!
* * * LOW MAGIC WARNING * * *;
* * * LOW HITPOINT WARNING * * *
HP: 30/93 (-23) MP: 5/13 (-3) ===--------- !!
Electricity crackles from Lodul's apparatus.
The bolt of lightning hits you!
* * * LOW MAGIC WARNING * * *;
* * * LOW HITPOINT WARNING * * *
HP: 22/93 (-8) MP: 4/13 (-1) ==---------- Electricity crackles from Lodul's apparatus.
The bolt of lightning hits you.
* * * LOW MAGIC WARNING * * *;
* * * LOW HITPOINT WARNING * * *
HP: 18/93 (-5) MP: 3/13 (-1) ==---------- Lodul zaps a wand.
You easily resist.
Lodul says, "Productive ogre is happy ogre."
Lodul zaps a wand.
You easily resist.
Electricity crackles from Lodul's apparatus.
The bolt of lightning hits you!!
* * * LOW MAGIC WARNING * * *
You die...

#.#.#.#~~~~~~.# .....# #.
#.#.#.##~~~~#.#
###.....##########.
#.#......~~.#.#
#.......##.........
#.###.#####.#.#
#.......##.########
#.#.......#.#.###.......##.#
#.#.....#.#.#...'.).....##.#
.#######.#.#####.......##.#
.........#.#####.......##.#
###########......@......##.#
..# #...............##.# #.#
#...O...........##.# #.#
#...............##.####
#.#######.....................#
#......##..........##.####.##.#
#..........................##.#
#.....O##############.#######.#
#......##......†......[.......#


You could see Lodul (poisoned).

Vanquished Creatures
  Psyche (D:10)
  A hornet (D:8)
  4 yaks (D:8)
  Grum (D:8)
  A wyvern (D:10)
  4 vampire mosquitoes (D:10)
  3 water moccasins
  2 ice beasts
  A sky beast (D:7)
  4 ogres
  4 orc warriors
  4 centaurs
  4 wolves
  A phantom (D:6)
  2 kobold brigands
  3 bullfrogs
  A necrophage (D:6)
  2 gnoll sergeants
  A scorpion (D:7)
  3 wights (D:9)
  11 killer bees
  An electric eel (D:10)
  4 hounds
  2 jellies
  7 orc priests
  A gnoll bouda (D:6)
  4 iguanas
  7 orc wizards
  3 adders
  22 gnolls
  A shadow imp (D:7)
  2 white imps (D:6)
  13 dart slugs
  29 orcs
  7 ball pythons
  3 bats
  10 endoplasms
  A giant cockroach (D:4)
  8 goblins
  4 hobgoblins
  9 jackals
  4 frilled lizards
  12 kobolds
  4 rats
  A spectral orc (D:9)
217 creatures vanquished.

Notes
Turn   | Place    | Note
-------+----------+-------------------------------------------
     0 | D:1      | CannotBeFrozen the Demigod Gladiator began the quest for
                  | the Orb.
     0 | D:1      | Reached XP level 1. HP: 17/17 MP: 3/3
   321 | D:1      | Reached XP level 2. HP: 23/24 MP: 4/4
   597 | D:1      | Reached skill level 3 in Long Blades
  1464 | D:2      | Reached XP level 3. HP: 25/30 MP: 5/5
  1547 | D:2      | Found Umizyost's Magic Scroll Shop.
  1563 | D:2      | Bought a scroll of identify for 22 gold pieces
  1995 | D:2      | Reached skill level 1 in Armour
  2000 | D:2      | Reached XP level 4. HP: 13/37 MP: 6/6
  2823 | D:3      | Reached XP level 5. HP: 45/45 MP: 7/7
  2945 | D:3      | Noticed a centaur
  2955 | D:3      | Killed a centaur
  2956 | D:3      | Reached skill level 4 in Long Blades
  3637 | D:4      | Found Yhovem's Weapon Boutique.
  3692 | D:4      | Found Seity's Magic Scroll Shop.
  3734 | D:4      | Found Pacsobekh's Assorted Antiques.
  3926 | D:4      | Reached XP level 6. HP: 31/52 MP: 8/8
  4270 | D:4      | Found Tufobb's Weapon Emporium.
  4328 | D:4      | Reached skill level 5 in Long Blades
  4669 | D:4      | Found Lyegauchoe's Jewellery Boutique.
  4774 | D:5      | Entered Level 5 of the Dungeon
  4778 | D:5      | Noticed a water moccasin
  4788 | D:5      | Killed a water moccasin
  4896 | D:5      | Reached skill level 5 in Fighting
  4896 | D:5      | Reached XP level 7. HP: 50/61 MP: 9/9
  5796 | D:5      | Reached skill level 6 in Long Blades
  6313 | D:6      | Reached XP level 8. HP: 20/71 MP: 10/10
  6973 | D:6      | Reached skill level 7 in Long Blades
  8751 | D:7      | Reached skill level 8 in Long Blades
  9230 | D:7      | Reached XP level 9. HP: 79/81 MP: 11/11
  9892 | D:8      | Noticed Grum
  9902 | D:8      | Reached skill level 9 in Long Blades
  9921 | D:8      | Killed Grum
 12310 | D:9      | Found Houloegg's Book Emporium.
 12313 | D:9      | Bought a book of Spatial Translocations for 338 gold pieces
 12618 | D:9      | Reached skill level 10 in Long Blades
 12725 | D:9      | Reached XP level 10. HP: 92/92 MP: 13/13
 13254 | D:10     | Entered Level 10 of the Dungeon
 13561 | D:10     | Reached skill level 10 in Fighting
 13588 | D:10     | Noticed Psyche
 13596 | D:10     | Killed Psyche
 14385 | D:10     | Reached skill level 11 in Long Blades
 14542 | D:10     | Noticed Lodul
 15344 | D:10     | Killed from afar by Lodul

Illustrated notes

Levels and vault maps discovered:
D:1:      lemuel_arrival_behind_the_door_large, layout_rooms,
          hellmonk_ecumenical_altar_lost_god, roderic_roman_lattice,
          skrybe_limestone_x
D:2:      layout_loops_ring, basic_altar, serial_shops, shop_statue
D:3:      kennysheep_slugbush, layout_basic, lemuel_doored_altar,
          lemuel_tele_altar
D:4:      layout_cave_pools, minmay_temple_entry_from_below_a, serial_shops,
          nicolae_shop_waterfront, shop_statue, nicolae_lakefront_shop,
          kennysheep_little_box, nicolae_lakefront_shop
D:5:      layout_cave_pools
D:6:      layout_basic, mainiacjoe_overflow_boulevard
D:7:      layout_loops_ring
D:8:      layout_basic, grunt_gozag_statues, uniq_grum
D:9:      layout_grid_maze, yredelemnul_forgotten_temple_becter,
          mainiacjoe_overflow_alcove_2, nicolae_vehumet_altar_sigil,
          serial_shops, nicolae_shop_window_shopping
D:10:     layout_basic, gammafunk_temple_overflow_wave, st_stairs_7,
          uniq_psyche, uniq_lodul

Skill      XL: |  1  2  3  4  5  6  7  8  9 10 |
---------------+-------------------------------+-----
Fighting       | 2 3 5 6 7 9 10 | 10.0
Throwing       | 2 |  2.0
Long Blades    | 3 4 5 6 8 10 11 | 11.1
Dodging        | 3 |  3.0
Armour         | 1 2 |  2.0

Action                   |  1- 3 |  4- 6 |  7- 9 | 10-12 || total
-------------------------+-------+-------+-------+-------++-------
Melee: Long sword        |   110 |   163 |    51 |       ||   324
       Scimitar          |       |       |   311 |   108 ||   419
Throw: Stone             |     6 |       |       |       ||     6
       Dart              |     3 |     7 |    12 |     5 ||    27
       Throwing net      |       |       |     3 |       ||     3
       Boomerang         |       |       |     2 |    13 ||    15
       Javelin           |       |       |       |     1 ||     1
  Use: Scroll            |     3 |     4 |     5 |     1 ||    13
       Potion            |       |     1 |     2 |       ||     3
 Stab: Held in net/web   |       |       |     3 |       ||     3
Armor: Leather armour    |    41 |    49 |    90 |    48 ||   228
       Ring mail         |    13 |     8 |       |       ||    21
Dodge: Dodged            |    69 |   121 |   248 |    83 ||   521

Table legend: (Time is in decaauts)
 A = Elapsed time spent in this place.
 B = Non-inter-level travel time spent in this place.
 C = Inter-level travel time spent in this place.
 D = Time resting spent in this place.
 E = Time spent auto-exploring this place.
 F = Levels seen in this place.
 G = Mean time per level.
                   A        B        C        D        E       F      G
               +--------+--------+--------+--------+--------+-----+--------+
         Total |  15403 |  14936 |    467 |   5853 |   6324 |  10 | 1540.3 |
       Dungeon |  15403 |  14936 |    467 |   5853 |   6324 |  10 | 1540.3 |
               +--------+--------+--------+--------+--------+-----+--------+

Top non-repeatable levels by time:
     D:9: 2108 daAuts
     D:6: 1984 daAuts
    D:10: 1626 daAuts
     D:8: 1624 daAuts
     D:7: 1503 daAuts
     D:3: 1473 daAuts
     D:5: 1433 daAuts
     D:1: 1242 daAuts
     D:4: 1203 daAuts
     D:2: 1203 daAuts
